Map: Triton LE

Players

highAf

  • Race: Terran Terran
  • League: Master
  • Spawn Location: 11:00

Mez - Winner!

  • Race: Terran Terran
  • League: Master
  • Spawn Location: 5:00

VOD

Have the link to the VOD?

Description

Time

  • Played on: Sept. 5, 2019, 7 a.m.
  • Length: 9:29
Show
View Real Time Build Order
Export as new Build Order

highAf Terran 

Build Orders: 1/1/1 

Get SALT Encoding   

  12  0:01  SCV  
  13  0:13  SCV  
  14  0:22  Supply Depot  
  14  0:25  SCV  
  15  0:33  Refinery  
  15  0:44  SCV  
  15  0:47  Barracks  
  16  0:56  SCV, Refinery  
  17  1:08  SCV  
  18  1:20  SCV  
  19  1:33  Barracks Reactor, Orbital Command  
  19  1:38  Factory  
  19  1:46  Supply Depot  
  19  1:59  SCV  
  20  2:09  Marine x2  
  20  2:11  SCV  
  23  2:22  Factory Tech Lab  
  23  2:23  SCV, Starport  
  23  2:27  Marine x2  
  26  2:34  Supply Depot  
  26  2:36  SCV  
  27  2:44  Siege Tank  
  27  2:50  Marine  
  31  2:55  Marine  
  32  2:59  Viking  
  34  3:09  Marine  
  34  3:10  Supply Depot  
  35  3:13  Marine  
  35  3:18  Siege Tank  
  39  3:31  Viking  
  41  3:46  Command Center  
  41  3:49  SCV  
  42  4:09  Marine x2  
  43  4:10  Siege Tank  
  46  4:19  SCV  
  46  4:22  Supply Depot  
  46  4:23  Viking  
  43  4:43  Marine x2  
  45  4:48  SCV  
  40  5:00  SCV  
  41  5:10  Barracks  
  41  5:11  Barracks  
  41  5:13  SCV, Orbital Command  
  37  5:17  Factory Tech Lab  
  35  5:22  Stimpack  
  35  5:24  Starport Reactor  
  35  5:25  SCV  
  36  5:30  Engineering Bay  
  36  5:35  Marine  
  36  5:36  Siege Tank  
  36  5:37  SCV  
  36  5:39  SCV  
  43  5:50  SCV  
  43  5:51  SCV  
  43  5:53  Marine  
  43  5:56  Terran Infantry Weapons Level 1  
  45  5:58  Barracks Reactor  
  45  6:01  Medivac  
  45  6:02  SCV, Medivac  
  45  6:03  SCV  
  51  6:09  Supply Depot  
  51  6:12  Marine  
  51  6:13  Marine  
  51  6:14  SCV  
  51  6:15  SCV  
  51  6:17  Siege Tank  
  58  6:27  SCV x2  
  58  6:28  Refinery  
  58  6:31  Marine x3, Supply Depot, Refinery  
  63  6:39  SCV  
  65  6:40  SCV  
  65  6:42  Medivac  
  65  6:46  Marine x2  
  69  6:50  Medivac  
  69  6:52  SCV x2  
  73  7:00  Marine  
  72  7:04  SCV x2  
  72  7:07  Marine  
  74  7:16  SCV  
  69  7:34  Marine x4  
  68  7:52  Marine x4  
  68  7:55  SCV  
  68  7:56  SCV, Viking  
  68  7:57  Viking  
  78  7:59  Factory Tech Lab  
  78  8:07  SCV  
  78  8:08  SCV  
  78  8:09  Marine  
  78  8:10  Marine  
  78  8:12  Supply Depot  
  82  8:13  Marine, Supply Depot  
  82  8:15  Command Center, Barracks Reactor  
  82  8:19  SCV  
  84  8:20  SCV  
  85  8:27  Marine  
  85  8:30  Barracks  
  85  8:31  Barracks  
  88  8:34  SCV x2  
  88  8:38  Supply Depot x2  
  88  8:47  Marine x3  
  75  8:50  Siege Tank  
  78  8:58  Marine x2  
  80  9:05  Marine x2  
  80  9:07  Marine  
  83  9:11  SCV  
Show
View Real Time Build Order
Export as new Build Order

Mez Terran - Winner!

Build Orders: Gas First Reaper Expand, Liberator Opening 

Get SALT Encoding   

  12  0:00  SCV  
  13  0:12  SCV  
  14  0:21  Supply Depot  
  14  0:25  SCV  
  14  0:27  Refinery  
  15  0:43  SCV  
  15  0:47  Barracks  
  16  0:55  SCV  
  17  1:07  SCV  
  18  1:19  SCV  
  19  1:34  Reaper  
  19  1:35  Orbital Command  
  20  1:51  Command Center  
  20  2:07  Factory  
  20  2:08  Barracks Reactor  
  20  2:14  SCV  
  20  2:15  Supply Depot  
  21  2:25  Refinery  
  21  2:26  SCV  
  22  2:38  SCV  
  23  2:50  SCV  
  24  2:52  Barracks Tech Lab  
  24  2:54  Starport  
  24  2:57  Hellion x2  
  28  3:04  Orbital Command  
  30  3:15  Liberator  
  30  3:36  SCV x2  
  30  3:39  Marine x2  
  34  3:42  Siege Tank  
  37  3:50  Supply Depot  
  37  3:57  Marine x2, SCV  
  40  4:07  SCV  
  40  4:09  SCV  
  41  4:16  Barracks  
  41  4:17  Barracks, Viking  
  41  4:23  Orbital Command  
  43  4:25  Marine  
  43  4:26  Marine  
  44  4:35  Siege Tank  
  43  4:42  Supply Depot  
  43  4:43  Marine  
  37  5:03  Marine x2  
  35  5:07  Siege Tank  
  35  5:08  Marine  
  35  5:09  Marine  
  39  5:14  Orbital Command  
  39  5:15  SCV  
  40  5:27  Viking  
  42  5:28  Marine x2  
  42  5:29  Barracks Reactor  
  42  5:30  Barracks Tech Lab  
  44  5:37  SCV  
  45  5:44  Siege Tank  
  45  5:45  Refinery  
  45  5:46  Marine x2  
  45  5:49  SCV x2  
  52  5:50  Liberator  
  52  6:00  Marine  
  52  6:01  SCV  
  54  6:04  Marine x2  
  54  6:09  SCV  
  60  6:13  SCV  
  60  6:14  Marine  
  60  6:15  Supply Depot x2  
  62  6:24  Stimpack  
  62  6:29  Refinery  
  62  6:36  Marine x2, SCV x2  
  66  6:41  Marine x3  
  66  6:42  Siege Tank  
  72  6:49  SCV x2  
  72  6:54  Marine, Starport Reactor  
  74  6:55  Marine  
  74  6:59  Marine x2  
  78  7:10  Supply Depot  
  78  7:11  Supply Depot  
  78  7:24  Marine x5, Siege Tank, SCV  
  78  7:25  SCV  
  79  7:38  SCV x2  
  79  7:42  Marine x5  
  79  7:50  SCV  
  80  7:51  Medivac  
  80  7:52  Medivac  
  81  7:58  SCV  
  81  8:00  Marine x3  
  81  8:02  SCV, Supply Depot  
  81  8:04  Siege Tank, Supply Depot  
  89  8:16  Command Center  
  89  8:27  Marine x3  
  89  8:28  Marine  
  93  8:37  Marine  
  93  8:45  Marine  
  93  8:48  Siege Tank  
  97  8:49  Marine x3  
  97  8:54  Engineering Bay  
  97  8:55  Marine, Engineering Bay  
  101  9:03  Marine  
  101  9:08  Marine x3  
Tags
 
Add a new tag
Caveats
  • Supply blocks, unpowered buildings, or Contaminate may cause inaccurate times.
  • Supply counts are checked every 10 seconds.